 Dungeon Crawl Stone Soup version 0.29.0-4-gdea44cf6ec (webtiles) character file.

Game seed: 12022428043303810670

22511 qw the Cleaver (level 13, 0/82 HPs)
             Began as a Gargoyle Fighter on Sept 7, 2022.
             Was an Elder of Okawaru.
             Shot with an arrow by Nessos (2 damage)
             ... on level 5 of the Lair of Beasts.
             The game lasted 00:05:15 (14301 turns).

qw the Cleaver (Gargoyle Fighter)                  Turns: 14301, Time: 00:05:15

Health: 0/82       AC: 35    Str: 24    XL:     13   Next: 0%
Magic:  17/20      EV: 10    Int:  5    God:    Okawaru [****..]
Gold:   630        SH:  7    Dex: 15    Spells: 12/12 levels left

rFire   . . .      SeeInvis .   Y - +3 war axe (elec)
rCold   . . .      Faith    .   c - +0 buckler
rNeg    + . .      Spirit   .   e - +0 plate armour
rPois   inf        Reflect  .   (no helmet)
rElec   +          Harm     .   (no cloak)
rCorr   +          Rampage  .   b - +2 pair of gloves
Will    .....                   q - +0 pair of boots
Stlth   ..........              (no amulet)
HPRegen 0.23/turn               n - +6 ring of dexterity
MPRegen 0.17/turn               s - ring of Yesterday {rPois rCorr AC+4 Int-5}

@: heroic, finesse-ful
A: sickness immunity, AC +9, negative energy resistance 1, electricity
resistance, torment resistance 1, petrification resistance
a: Renounce Religion, Heroism, Finesse


You were on level 5 of the Lair of Beasts.
You worshipped Okawaru.
Okawaru was greatly pleased with you.
You visited 3 branches of the dungeon, and saw 14 of its levels.

You collected 714 gold pieces.
You spent 84 gold pieces at shops.


Innate Abilities, Weirdness & Mutations

You are immune to sickness and miasma.
Your stone body is resilient. (AC +9)
You are immune to poison.
You resist negative energy. (rN+)
You are resistant to electric shocks. (rElec)
You are resistant to unholy torment.
You are immune to petrification.


   Skills:
 - Level 10.0(15.0) Fighting
 + Level 13.0(18.0) Axes
 - Level 3.0(8.0) Throwing
 - Level 9.0(14.0) Armour
 - Level 3.0(8.0) Dodging
 - Level 6.0(11.0) Shields
 - Level 10.1 Invocations


You had 12 spell levels left.
You didn't know any spells.
Your spell library was empty.

Inventory:

Hand Weapons
 o - a +0 morningstar
 Y - a +3 war axe of electrocution (weapon)
Armour
 b - a +2 pair of gloves (worn)
 c - a +0 buckler (worn)
 e - a +0 plate armour (worn)
 q - a +0 pair of boots (worn)
Jewellery
 l - the ring "Xeotweaq" {Ice rPois}
   (You found it on level 2 of the Lair of Beasts)

   [ring of ice]

   It enhances your ice magic.
   rF:        It makes you vulnerable to fire.
   rC:        It protects you from cold.
   rPois:     It protects you from poison.
 n - a +6 ring of dexterity (left hand)
 s - the ring of Yesterday (right hand) {rPois rCorr AC+4 Int-5}
   (You found it on level 2 of the Lair of Beasts)

   [ring of protection]

   AC:        It affects your AC (+4).
   Int:       It affects your intelligence (-5).
   rPois:     It protects you from poison.
   rCorr:     It protects you from acid and corrosion.
Scrolls
 a - 6 scrolls of identify
 m - a scroll of blinking
 p - a scroll of fog
Potions
 d - 4 potions of might
 f - 8 potions of curing
 g - 2 potions of haste
 h - 5 potions of attraction
 i - a potion of lignification
 j - 2 potions of cancellation
 k - 3 potions of heal wounds
 r - a potion of degeneration {unknown}
 t - a potion of magic

Dungeon Overview and Level Annotations

Branches:
Dungeon (8/15)             Temple (1/1) D:5            Lair (5/5) D:8
  Swamp (0/4) Lair:3       Spider (0/4) Lair:2        Slime (0/5) Lair:4

Altars:
Ashenzari
Cheibriados
Dithmenos
Elyvilon
Fedhas
Gozag
Hepliaklqana
Kikubaaqudgha
Makhleb
Nemelex Xobeh
Okawaru
Qazlal
Ru
Sif Muna
Trog
Uskayaw
Vehumet
Wu Jian
Xom
Yredelemnul
Zin
The Shining One
Jiyva

Shops:
D:1 =:   D:3 *

Annotations:
Lair:1 2 transporters, qw's ghost, journeyman TrCA
Lair:4 3 runed translucent doors, qw's ghost, journeyman GrFi
Lair:5 Nessos


Message History

The arrow hits you but does no damage.
Nessos shoots an arrow.
The arrow hits you but does no damage.
Nessos shoots an arrow.
The arrow misses you.
Nessos shoots an arrow.
The arrow closely misses you.
Nessos shoots an arrow.
The arrow hits you but does no damage.
Nessos shoots an arrow.
The arrow hits you but does no damage.
Nessos shoots an arrow.
The arrow hits you but does no damage.
Nessos shoots an arrow.
The arrow hits you. The arrow burns you.
Nessos gestures wildly while chanting.
Nessos blinks!
Nessos casts a spell.
Nessos blinks!
Nessos mumbles some strange words.
Nessos blinks!
Nessos mumbles some strange words.
Nessos blinks!
Nessos mumbles some strange words.
Nessos blinks!
Nessos shoots an arrow.
The arrow hits you. The arrow burns you.
Nessos shoots an arrow.
The arrow hits you!! The arrow burns you.
Nessos shoots an arrow.
The arrow hits you but does no damage.
Nessos shoots an arrow.
The arrow hits you but does no damage.
Nessos says, "Even if you were a mare, I'd kill you!"
Nessos shoots an arrow.
The arrow hits you! The arrow burns you.
14297 ||| DRINKING 4 potions of heal wounds.
You feel much better.
Nessos shoots an arrow.
You block the arrow.
Nessos unwields a +2 longbow of flaming.
It stops flaming.
Nessos hits you. You block Nessos's attack. Nessos hits you but does no damage.
Nessos kicks you but does no damage. Nessos hits you but does no damage.
You block Nessos's attack.
You slice Nessos!! Lightning courses through Nessos!
Nessos is heavily wounded.
You barely miss Nessos.
Nessos is heavily wounded.
Nessos gestures wildly while chanting.
Nessos blinks!
Nessos wields a +2 longbow of flaming.
It bursts into flame!
Nessos shoots an arrow.
The arrow hits you! The arrow burns you.
Nessos shoots an arrow.
The arrow hits you. The arrow burns you.
You die...

...........####..............#
...........P##...............#.
...........P###................
...........###.................
..........####...................
##....#.#####....c...............
##P..### #..#..................
##########.#.................
##.##P....@..............
####..#.....ยค............#..
###.##.................##..##.).
#P..P.....#....%...........##...
##P......P#.####....%%.##.....#
#...##....### #...[.###.##..###
..#.#......# #.......#####..#
P..###.......#.......# ...# .###
#......#.#.....## .....


You could see Nessos (fast).

Vanquished Creatures
  4 hydras
  A catoblepas (Lair:5)
  4 black mambas
  3 elephants (Lair:5)
  6 cane toads
  A torpor snail (Lair:1)
  2 rime drakes (Lair:4)
  A demonic crawler (Lair:2)
  3 komodo dragons
  A polar bear (Lair:2)
  6 dream sheep (Lair:2)
  A slime creature (Lair:4)
  8 blink frogs
  4 wyverns
  2 fire bats (Lair:1)
  25 yaks
  A basilisk (Lair:1)
  A steam dragon (D:8)
  Duvessa (D:5)
  An orc warrior (D:6)
  6 water moccasins
  3 sky beasts
  2 black bears (D:5)
  2 ogres
  18 wolves
  2 phantoms (D:5)
  14 bullfrogs
  A gnoll sergeant (D:7)
  3 necrophages
  7 scorpions
  4 wights (D:7)
  Dowan (D:5)
  4 killer bees (D:7)
  2 howler monkeys
  An electric eel (Lair:1)
  5 hounds
  4 jellies
  3 orc priests
  5 iguanas
  5 orc wizards
  4 hell rats (Lair:3)
  12 gnolls
  10 adders
  2 ufetubi
  4 worms
  4 dart slugs
  21 orcs
  7 endoplasms
  5 giant cockroaches
  3 hobgoblins
  7 jackals
  7 kobolds
  3 quokkas
  5 ball pythons
  3 bats
  4 frilled lizards
  3 goblins
  5 rats
277 creatures vanquished.

Vanquished Creatures (others)
  A human (D:7)
  17 fungi
  36 plants
54 creatures vanquished.

Grand Total: 331 creatures vanquished

Notes
Turn   | Place    | Note
-------+----------+-------------------------------------------
     0 | D:1      | qw the Gargoyle Fighter began the quest for the Orb.
     0 | D:1      | Reached XP level 1. HP: 14/14 MP: 1/1
     0 | D:1      | 0 ||| qw: Version: 0.1-a-108-g9e35731
     0 | D:1      | 0 ||| qw: Game counter: 6522
     0 | D:1      | 0 ||| qw: Always use a shield: true
     0 | D:1      | 0 ||| qw: God list: Okawaru
     0 | D:1      | 0 ||| qw: Allow faded altars: false
     0 | D:1      | 0 ||| qw: Do Orc after D:15 true
     0 | D:1      | 0 ||| qw: Do second Lair branch before Depths: true
     0 | D:1      | 0 ||| qw: Lair rune preference: random
     0 | D:1      | 0 ||| qw: Plans: Normal, Zot, God:TSO, Crypt, Tomb, Zig,
                  | Orb
     0 | D:1      | 0 ||| PLANNING D:1-11
     4 | D:1      | Found Ludynap's One-of-a-Kind Rings.
    18 | D:1      | 18 ||| SHOPLISTING +4 ring of strength (195 gold, have 0).
    18 | D:1      | 18 ||| SHOPLISTING +5 ring of protection (715 gold, have
                  | 0).
    18 | D:1      | 18 ||| SHOPLISTING +9 ring of strength (1014 gold, have 0).
    18 | D:1      | 18 ||| SHOPLISTING ring "Fexy" {rPois Slay+3} (514 gold,
                  | have 0).
    18 | D:1      | 18 ||| SHOPLISTING ring of Absolutism {rF+ rC+} (507 gold,
                  | have 0).
    18 | D:1      | 18 ||| SHOPLISTING ring of the Five Artists {rCorr AC+4
                  | Dex+7} (822 gold, have 0).
    33 | D:1      | Reached skill level 2 in Axes
    55 | D:1      | Found Zuicus's Vocational Training.
   214 | D:1      | Reached XP level 2. HP: 19/19 MP: 2/2
   244 | D:1      | You fall into a shaft and drop 1 floor!
   451 | D:2      | 451 ||| READING scroll labelled NOASI USHONG.
   452 | D:2      | 452 ||| READING scroll labelled RIZXUSHR LAKO.
   804 | D:1      | Reached skill level 3 in Axes
  1034 | D:1      | Reached XP level 3. HP: 23/23 MP: 3/3
  1147 | D:1      | 1147 ||| READING scroll labelled NAORIE EHYFAO.
  1148 | D:1      | 1148 ||| DROPPING +0 club.
  1149 | D:1      | 1149 ||| READING 2 scrolls of identify.
  1149 | D:1      | 1149 ||| IDENTIFYING inky potion
  1220 | D:2      | Found a bloodstained altar of Trog.
  1292 | D:2      | Identified the +1 robe of Jaxoj {rPois rN+}
  1844 | D:2      | 1844 ||| READING scroll labelled JAQAOR BO SEF.
  1845 | D:2      | 1845 ||| READING scroll labelled PUT GASMAOSM.
  1846 | D:2      | 1846 ||| READING scroll labelled ALEITHIPOZ.
  1847 | D:2      | 1847 ||| DRINKING 3 cyan potions.
  1848 | D:2      | 1848 ||| READING 2 scrolls of identify.
  1848 | D:2      | 1848 ||| IDENTIFYING ruby potion
  1920 | D:3      | Reached XP level 4. HP: 20/28 MP: 4/4
  2018 | D:3      | Reached skill level 4 in Axes
  2149 | D:3      | Noticed an ogre
  2153 | D:3      | HP: 5/28 [ogre/+0 giant club (4)]
  2157 | D:3      | Killed an ogre
  2158 | D:3      | Reached skill level 5 in Axes
  2158 | D:3      | Reached XP level 5. HP: 7/32 MP: 5/5
  2574 | D:3      | Found Tymoas's General Store.
  2582 | D:3      | 2582 ||| BUYING 2 scrolls of identify (48 gold).
  2582 | D:3      | Bought 2 scrolls of identify for 48 gold pieces
  2582 | D:3      | 2582 ||| BUYING potion of lignification (36 gold).
  2582 | D:3      | Bought a potion of lignification for 36 gold pieces
  2582 | D:3      | 2582 ||| SHOPLISTING ring of positive energy (240 gold,
                  | have 29).
  2685 | D:3      | 2685 ||| Stepping ~*~*~tactically~*~*~ (stealth).
  2929 | D:3      | 2929 ||| Stepping ~*~*~tactically~*~*~ (hiding).
  3025 | D:3      | 3025 ||| Stepping ~*~*~tactically~*~*~ (stealth).
  3026 | D:3      | 3026 ||| Stepping ~*~*~tactically~*~*~ (stealth).
  3026 | D:3      | Found a sparkling altar of Nemelex Xobeh.
  3042 | D:3      | Reached XP level 6. HP: 35/38 MP: 6/6
  3067 | D:3      | Found an ornate altar of the Wu Jian Council.
  3482 | D:3      | 3482 ||| UPGRADING to +0 chain mail.
  3492 | D:3      | 3492 ||| DROPPING +0 scale mail.
  3493 | D:3      | 3493 ||| DROPPING +6 ring of intelligence.
  3494 | D:3      | 3494 ||| READING scroll labelled ITUSI NESHAY.
  3495 | D:3      | 3495 ||| READING scroll labelled QIJUPR VONISK.
  3496 | D:3      | 3496 ||| READING scroll labelled JODUNLUVOT.
  3497 | D:3      | 3497 ||| READING scroll labelled XEVAIH YLIU.
  3654 | D:4      | 3654 ||| Stepping ~*~*~tactically~*~*~ (stealth).
  3663 | D:4      | 3663 ||| FLEEEEING.
  3664 | D:4      | 3664 ||| FLEEEEING.
  3665 | D:4      | 3665 ||| FLEEEEING.
  3666 | D:4      | 3666 ||| FLEEEEING.
  3667 | D:4      | 3667 ||| FLEEEEING.
  3668 | D:4      | 3668 ||| FLEEEEING.
  3669 | D:4      | 3669 ||| FLEEEEING.
  3670 | D:4      | 3670 ||| FLEEEEING.
  3672 | D:4      | 3672 ||| STAIRDANCE
  3781 | D:4      | Found a white marble altar of Elyvilon.
  3814 | D:4      | 3814 ||| Stepping ~*~*~tactically~*~*~ (stealth).
  3954 | D:4      | 3954 ||| Stepping ~*~*~tactically~*~*~ (stealth).
  3955 | D:4      | 3955 ||| Stepping ~*~*~tactically~*~*~ (stealth).
  3956 | D:4      | 3956 ||| Stepping ~*~*~tactically~*~*~ (stealth).
  4160 | D:4      | Reached skill level 6 in Axes
  4175 | D:4      | 4175 ||| Stepping ~*~*~tactically~*~*~ (hiding).
  4177 | D:4      | 4177 ||| Stepping ~*~*~tactically~*~*~ (hiding).
  4178 | D:4      | 4178 ||| Stepping ~*~*~tactically~*~*~ (hiding).
  4268 | D:4      | Reached skill level 1 in Dodging
  4421 | D:4      | 4421 ||| READING scroll of enchant weapon.
  4421 | D:4      | 4421 ||| ENCHANTING +1 war axe of flaming.
  4454 | D:4      | 4454 ||| Stepping ~*~*~tactically~*~*~ (stealth).
  4672 | D:4      | 4672 ||| UPGRADING to +0 pair of gloves.
  4677 | D:4      | 4677 ||| READING scroll of enchant armour.
  4677 | D:4      | 4677 ||| ENCHANTING +0 pair of gloves.
  4678 | D:4      | 4678 ||| DROPPING ring of flight.
  4679 | D:4      | 4679 ||| READING 3 scrolls of identify.
  4679 | D:4      | 4679 ||| IDENTIFYING golden potion
  4680 | D:4      | 4680 ||| READING 2 scrolls of identify.
  4680 | D:4      | 4680 ||| IDENTIFYING red potion
  4681 | D:4      | 4681 ||| DROPPING potion of brilliance.
  4704 | D:5      | Entered Level 5 of the Dungeon
  4704 | D:5      | Found a blossoming altar of Fedhas.
  4845 | D:5      | Reached XP level 7. HP: 43/43 MP: 7/7
  4846 | D:5      | Noticed Dowan
  4847 | D:5      | Noticed Duvessa
  4864 | D:5      | Killed Duvessa
  4867 | D:5      | Killed Dowan
  4868 | D:5      | Reached skill level 7 in Axes
  5094 | D:5      | Found a staircase to the Ecumenical Temple.
  5095 | D:5      | 5095 ||| PLANNING TEMPLE
  5102 | Temple   | Entered the Ecumenical Temple
  5193 | Temple   | 5193 ||| PLANNING D:1-11
  5328 | D:5      | Reached XP level 8. HP: 48/49 MP: 8/8
  5619 | D:5      | Reached skill level 8 in Axes
  5690 | D:5      | Reached skill level 1 in Throwing
  6008 | D:5      | 6008 ||| READING scroll labelled TUBROA OMNUF.
  6009 | D:5      | 6009 ||| READING scroll labelled SIM NOFO XEHU.
  6083 | D:6      | Reached skill level 6 in Fighting
  6083 | D:6      | 6083 ||| Stepping ~*~*~tactically~*~*~ (hiding).
  6093 | D:6      | 6093 ||| FLEEEEING.
  6096 | D:6      | 6096 ||| FLEEEEING.
  6099 | D:6      | 6099 ||| Stepping ~*~*~tactically~*~*~ (stealth).
  6100 | D:6      | 6100 ||| Stepping ~*~*~tactically~*~*~ (hiding).
  6101 | D:6      | 6101 ||| Stepping ~*~*~tactically~*~*~ (stealth).
  6103 | D:6      | 6103 ||| FLEEEEING.
  6104 | D:6      | 6104 ||| FLEEEEING.
  6105 | D:6      | 6105 ||| FLEEEEING.
  6106 | D:6      | 6106 ||| FLEEEEING.
  6107 | D:6      | 6107 ||| DRINKING 8 potions of curing.
  6107 | D:6      | 6107 ||| (to cure confusion)
  6117 | D:6      | 6117 ||| DRINKING 7 potions of curing.
  6117 | D:6      | 6117 ||| (to cure confusion)
  6130 | D:6      | 6130 ||| FLEEEEING.
  6131 | D:6      | 6131 ||| FLEEEEING.
  6135 | D:6      | 6135 ||| FLEEEEING.
  6136 | D:6      | 6136 ||| FLEEEEING.
  6137 | D:6      | 6137 ||| FLEEEEING.
  6138 | D:6      | 6138 ||| FLEEEEING.
  6139 | D:6      | 6139 ||| STAIRDANCE
  6246 | D:6      | 6246 ||| STAIRDANCE
  6404 | D:6      | Reached XP level 9. HP: 55/55 MP: 9/9
  6411 | D:6      | 6411 ||| Stepping ~*~*~tactically~*~*~ (stealth).
  6500 | D:6      | Reached skill level 9 in Axes
  6857 | D:6      | 6857 ||| UPGRADING to +0 plate armour.
  6867 | D:6      | 6867 ||| DROPPING +0 chain mail.
  6868 | D:6      | 6868 ||| UPGRADING to +6 ring of dexterity.
  6869 | D:6      | 6869 ||| READING 5 scrolls of identify.
  6869 | D:6      | 6869 ||| IDENTIFYING viscous ruby potion
  6990 | D:7      | 6990 ||| Stepping ~*~*~tactically~*~*~ (stealth).
  7317 | D:7      | Found an ancient bone altar of Kikubaaqudgha.
  7433 | D:7      | 7433 ||| Stepping ~*~*~tactically~*~*~ (stealth).
  7435 | D:7      | 7435 ||| Stepping ~*~*~tactically~*~*~ (stealth).
  7444 | D:7      | HP: 11/55 [wight/+2 great sword (15)]
  7444 | D:7      | HP: 4/55 [wight/+4 morningstar (7)]
  7445 | D:7      | 7445 ||| DRINKING 3 potions of heal wounds.
  7465 | D:7      | 7465 ||| FLEEEEING.
  7466 | D:7      | 7466 ||| FLEEEEING.
  7467 | D:7      | 7467 ||| FLEEEEING.
  7468 | D:7      | 7468 ||| FLEEEEING.
  7469 | D:7      | 7469 ||| FLEEEEING.
  7470 | D:7      | 7470 ||| FLEEEEING.
  7471 | D:7      | 7471 ||| FLEEEEING.
  7472 | D:7      | 7472 ||| FLEEEEING.
  7473 | D:7      | 7473 ||| FLEEEEING.
  7474 | D:7      | 7474 ||| FLEEEEING.
  7475 | D:7      | 7475 ||| FLEEEEING.
  7476 | D:7      | 7476 ||| FLEEEEING.
  7477 | D:7      | 7477 ||| FLEEEEING.
  7478 | D:7      | 7478 ||| FLEEEEING.
  7479 | D:7      | 7479 ||| FLEEEEING.
  7480 | D:7      | 7480 ||| FLEEEEING.
  7481 | D:7      | 7481 ||| FLEEEEING.
  7482 | D:7      | 7482 ||| FLEEEEING.
  7483 | D:7      | 7483 ||| FLEEEEING.
  7485 | D:7      | 7485 ||| FLEEEEING.
  7486 | D:7      | 7486 ||| FLEEEEING.
  7487 | D:7      | 7487 ||| FLEEEEING.
  7488 | D:7      | 7488 ||| FLEEEEING.
  7489 | D:7      | 7489 ||| FLEEEEING.
  7490 | D:7      | 7490 ||| FLEEEEING.
  7491 | D:7      | 7491 ||| FLEEEEING.
  7492 | D:7      | 7492 ||| STAIRDANCE
  7692 | D:7      | 7692 ||| Stepping ~*~*~tactically~*~*~ (hiding).
  7704 | D:7      | 7704 ||| Stepping ~*~*~tactically~*~*~ (stealth).
  7824 | D:7      | Reached skill level 6 in Armour
  8153 | D:8      | 8153 ||| Stepping ~*~*~tactically~*~*~ (stealth).
  8154 | D:8      | 8154 ||| Stepping ~*~*~tactically~*~*~ (stealth).
  8156 | D:8      | 8156 ||| Stepping ~*~*~tactically~*~*~ (stealth).
  8158 | D:8      | 8158 ||| Stepping ~*~*~tactically~*~*~ (hiding).
  8180 | D:8      | 8180 ||| FLEEEEING.
  8181 | D:8      | 8181 ||| FLEEEEING.
  8182 | D:8      | 8182 ||| STAIRDANCE
  8235 | D:8      | 8235 ||| Stepping ~*~*~tactically~*~*~ (stealth).
  8236 | D:8      | 8236 ||| Stepping ~*~*~tactically~*~*~ (stealth).
  8268 | D:8      | Found an iron altar of Okawaru.
  8277 | D:8      | Became a worshipper of Warmaster Okawaru
  8538 | D:8      | Found a staircase to the Lair.
  8539 | D:8      | Noticed a komodo dragon
  8554 | D:8      | Killed a komodo dragon
  8555 | D:8      | Reached skill level 10 in Axes
  8555 | D:8      | Reached XP level 10. HP: 34/63 MP: 10/10
  8907 | D:8      | 8907 ||| PLANNING LAIR
  8907 | D:8      | 8907 ||| UPGRADING to +0 pair of boots.
  8912 | D:8      | 8912 ||| READING 4 scrolls of identify.
  8912 | D:8      | 8912 ||| IDENTIFYING viscous black potion
  8913 | D:8      | 8913 ||| DROPPING potion of flight.
  8958 | Lair:1   | Entered Level 1 of the Lair of Beasts
  8989 | Lair:1   | 8989 ||| Stepping ~*~*~tactically~*~*~ (stealth).
  8994 | Lair:1   | 8994 ||| Stepping ~*~*~tactically~*~*~ (stealth).
  8996 | Lair:1   | 8996 ||| Stepping ~*~*~tactically~*~*~ (stealth).
  8998 | Lair:1   | 8998 ||| Stepping ~*~*~tactically~*~*~ (stealth).
  9003 | Lair:1   | 9003 ||| Stepping ~*~*~tactically~*~*~ (stealth).
  9004 | Lair:1   | 9004 ||| Stepping ~*~*~tactically~*~*~ (stealth).
  9005 | Lair:1   | 9005 ||| Stepping ~*~*~tactically~*~*~ (stealth).
  9007 | Lair:1   | 9007 ||| Stepping ~*~*~tactically~*~*~ (stealth).
  9009 | Lair:1   | Reached * piety under Okawaru
  9017 | Lair:1   | Reached skill level 1 in Invocations
  9143 | Lair:1   | Found a transporter.
  9149 | Lair:1   | Noticed qw's ghost (journeyman TrCA)
  9152 | Lair:1   | You fall into a shaft and drop 1 floor!
  9194 | Lair:1   | 9194 ||| INVOKING Heroism.
  9233 | Lair:1   | Noticed an ice statue
  9258 | Lair:1   | 9258 ||| READING scroll of enchant armour.
  9258 | Lair:1   | 9258 ||| ENCHANTING +1 pair of gloves.
  9292 | Lair:1   | 9292 ||| INVOKING Heroism.
  9292 | Lair:1   | Noticed a torpor snail
  9293 | Lair:1   | 9293 ||| INVOKING Heroism.
  9298 | Lair:1   | Reached skill level 3 in Invocations
  9309 | Lair:1   | 9309 ||| INVOKING Heroism.
  9311 | Lair:1   | Killed a torpor snail
  9356 | Lair:1   | Noticed a boulder beetle
  9387 | Lair:1   | Found a transporter.
  9421 | Lair:1   | Noticed a cane toad
  9422 | Lair:1   | 9422 ||| INVOKING Heroism.
  9429 | Lair:1   | Killed a cane toad
  9429 | Lair:1   | Reached ** piety under Okawaru
  9473 | Lair:1   | Noticed a cane toad
  9474 | Lair:1   | 9474 ||| INVOKING Heroism.
  9480 | Lair:1   | Killed a cane toad
  9546 | Lair:1   | Found a dark tunnel.
  9674 | Lair:1   | Noticed a black mamba
  9675 | Lair:1   | 9675 ||| INVOKING Heroism.
  9686 | Lair:1   | Killed a black mamba
  9687 | Lair:1   | Reached skill level 11 in Axes
  9720 | Lair:1   | Reached *** piety under Okawaru
  9721 | Lair:1   | Reached XP level 11. HP: 68/68 MP: 14/14
  9729 | Lair:1   | 9729 ||| INVOKING Heroism.
  9731 | Lair:1   | Reached skill level 3 in Throwing
 10235 | Lair:2   | 10235 ||| Stepping ~*~*~tactically~*~*~ (stealth).
 10290 | Lair:2   | 10290 ||| Stepping ~*~*~tactically~*~*~ (stealth).
 10291 | Lair:2   | 10291 ||| Stepping ~*~*~tactically~*~*~ (stealth).
 10294 | Lair:2   | 10294 ||| Stepping ~*~*~tactically~*~*~ (stealth).
 10295 | Lair:2   | 10295 ||| Stepping ~*~*~tactically~*~*~ (stealth).
 10297 | Lair:2   | 10297 ||| INVOKING Heroism.
 10303 | Lair:2   | Reached skill level 9 in Fighting
 10406 | Lair:2   | Noticed a seven-headed hydra
 10407 | Lair:2   | 10407 ||| INVOKING Heroism.
 10409 | Lair:2   | Noticed a seven-headed hydra
 10410 | Lair:2   | 10410 ||| Stepping ~*~*~tactically~*~*~ (stealth).
 10412 | Lair:2   | 10412 ||| Stepping ~*~*~tactically~*~*~ (stealth).
 10420 | Lair:2   | Killed a one-headed hydra
 10425 | Lair:2   | Killed a one-headed hydra
 10425 | Lair:2   | Reached **** piety under Okawaru
 10527 | Lair:2   | 10527 ||| Stepping ~*~*~tactically~*~*~ (stealth).
 10557 | Lair:2   | 10557 ||| INVOKING Heroism.
 10580 | Lair:2   | Received a gift from Okawaru
 10687 | Lair:2   | Identified the ring of Yesterday {rPois rCorr AC+4 Int-5}
 10837 | Lair:2   | 10837 ||| Stepping ~*~*~tactically~*~*~ (stealth).
 10840 | Lair:2   | 10840 ||| Stepping ~*~*~tactically~*~*~ (stealth).
 10842 | Lair:2   | 10842 ||| INVOKING Heroism.
 10848 | Lair:2   | 10848 ||| Stepping ~*~*~tactically~*~*~ (stealth).
 10858 | Lair:2   | Received a gift from Okawaru
 10887 | Lair:2   | 10887 ||| Stepping ~*~*~tactically~*~*~ (stealth).
 10900 | Lair:2   | 10900 ||| INVOKING Heroism.
 10907 | Lair:2   | Reached skill level 6 in Invocations
 11021 | Lair:2   | 11021 ||| INVOKING Heroism.
 11031 | Lair:2   | Reached skill level 12 in Axes
 11096 | Lair:2   | Found a hole to the Spider Nest.
 11103 | Lair:2   | Identified the ring "Xeotweaq" {Ice rPois}
 11443 | Lair:2   | 11443 ||| UPGRADING to ring of Yesterday {rPois rCorr AC+4
                  | Int-5}.
 11466 | Lair:3   | 11466 ||| INVOKING Heroism.
 11467 | Lair:3   | 11467 ||| STAIRDANCE
 11482 | Lair:3   | 11482 ||| STAIRDANCE
 11578 | Lair:3   | 11578 ||| STAIRDANCE
 11668 | Lair:3   | Found a staircase to the Swamp.
 11678 | Lair:3   | 11678 ||| Stepping ~*~*~tactically~*~*~ (stealth).
 11680 | Lair:3   | 11680 ||| INVOKING Heroism.
 11684 | Lair:3   | Reached XP level 12. HP: 76/76 MP: 14/17
 11709 | Lair:3   | 11709 ||| Stepping ~*~*~tactically~*~*~ (stealth).
 11717 | Lair:3   | 11717 ||| Stepping ~*~*~tactically~*~*~ (stealth).
 11731 | Lair:3   | 11731 ||| Stepping ~*~*~tactically~*~*~ (stealth).
 11738 | Lair:3   | 11738 ||| INVOKING Heroism.
 11743 | Lair:3   | Reached skill level 3 in Dodging
 11871 | Lair:3   | 11871 ||| Stepping ~*~*~tactically~*~*~ (stealth).
 11873 | Lair:3   | 11873 ||| Stepping ~*~*~tactically~*~*~ (stealth).
 11875 | Lair:3   | 11875 ||| Stepping ~*~*~tactically~*~*~ (stealth).
 11877 | Lair:3   | 11877 ||| INVOKING Heroism.
 11883 | Lair:3   | Reached skill level 6 in Shields
 11886 | Lair:3   | Reached ***** piety under Okawaru
 12011 | Lair:3   | 12011 ||| INVOKING Heroism.
 12034 | Lair:3   | 12034 ||| INVOKING Heroism.
 12048 | Lair:3   | Reached skill level 9 in Armour
 12070 | Lair:3   | 12070 ||| Stepping ~*~*~tactically~*~*~ (stealth).
 12073 | Lair:3   | 12073 ||| INVOKING Heroism.
 12137 | Lair:3   | 12137 ||| Stepping ~*~*~tactically~*~*~ (stealth).
 12170 | Lair:3   | 12170 ||| Stepping ~*~*~tactically~*~*~ (stealth).
 12171 | Lair:3   | 12171 ||| Stepping ~*~*~tactically~*~*~ (stealth).
 12172 | Lair:3   | 12172 ||| Stepping ~*~*~tactically~*~*~ (stealth).
 12174 | Lair:3   | 12174 ||| Stepping ~*~*~tactically~*~*~ (stealth).
 12176 | Lair:3   | 12176 ||| INVOKING Heroism.
 12304 | Lair:3   | 12304 ||| READING scroll of brand weapon.
 12304 | Lair:3   | 12304 ||| BRANDING +2 war axe of flaming.
 12311 | Lair:3   | 12311 ||| READING scroll of enchant weapon.
 12311 | Lair:3   | 12311 ||| ENCHANTING +2 war axe of electrocution.
 12557 | Lair:3   | Reached skill level 9 in Invocations
 12719 | Lair:3   | 12719 ||| READING scroll labelled SECOB TOPRITISYNT.
 12754 | Lair:4   | 12754 ||| INVOKING Heroism.
 13045 | Lair:4   | Received a gift from Okawaru
 13056 | Lair:4   | Found a runed translucent gate.
 13056 | Lair:4   | Found a runed translucent gate.
 13056 | Lair:4   | Found a runed translucent gate.
 13059 | Lair:4   | Noticed qw's ghost (journeyman GrFi)
 13059 | Lair:4   | Noticed a ten-headed hydra
 13072 | Lair:4   | Noticed a five-headed hydra
 13073 | Lair:4   | 13073 ||| INVOKING Heroism.
 13074 | Lair:4   | 13074 ||| INVOKING Finesse.
 13087 | Lair:4   | Killed a ten-headed hydra
 13204 | Lair:4   | Found a viscous altar of Jiyva.
 13205 | Lair:4   | Found a staircase to the Slime Pits.
 13406 | Lair:4   | 13406 ||| Stepping ~*~*~tactically~*~*~ (stealth).
 13408 | Lair:4   | 13408 ||| INVOKING Heroism.
 13423 | Lair:4   | Received a gift from Okawaru
 13587 | Lair:4   | 13587 ||| Stepping ~*~*~tactically~*~*~ (stealth).
 13591 | Lair:4   | 13591 ||| Stepping ~*~*~tactically~*~*~ (hiding).
 13593 | Lair:4   | 13593 ||| Stepping ~*~*~tactically~*~*~ (hiding).
 13735 | Lair:4   | Found a hazy altar of Hepliaklqana.
 13853 | Lair:4   | 13853 ||| DRINKING 2 purple potions.
 13870 | Lair:5   | Entered Level 5 of the Lair of Beasts
 13888 | Lair:5   | Noticed a catoblepas
 13891 | Lair:5   | 13891 ||| INVOKING Heroism.
 13892 | Lair:5   | 13892 ||| INVOKING Finesse.
 13899 | Lair:5   | Killed a catoblepas
 13941 | Lair:5   | Identified the +4 ring mail "Xopnotaj" {rN+ Str+2}
 13954 | Lair:5   | Noticed Nessos
 13955 | Lair:5   | 13955 ||| Stepping ~*~*~tactically~*~*~ (stealth).
 13956 | Lair:5   | 13956 ||| Stepping ~*~*~tactically~*~*~ (stealth).
 13961 | Lair:5   | 13961 ||| Stepping ~*~*~tactically~*~*~ (stealth).
 13964 | Lair:5   | 13964 ||| Stepping ~*~*~tactically~*~*~ (stealth).
 13965 | Lair:5   | 13965 ||| Stepping ~*~*~tactically~*~*~ (stealth).
 13968 | Lair:5   | 13968 ||| Stepping ~*~*~tactically~*~*~ (stealth).
 13969 | Lair:5   | 13969 ||| Stepping ~*~*~tactically~*~*~ (stealth).
 13970 | Lair:5   | 13970 ||| INVOKING Heroism.
 13971 | Lair:5   | 13971 ||| INVOKING Finesse.
 13985 | Lair:5   | HP: 19/77 [Nessos/arrow (3)]
 13986 | Lair:5   | 13986 ||| READING scroll of teleportation.
 13987 | Lair:5   | 13987 ||| DRINKING 5 potions of heal wounds.
 14182 | Lair:5   | Noticed a four-headed hydra
 14183 | Lair:5   | 14183 ||| INVOKING Heroism.
 14184 | Lair:5   | 14184 ||| INVOKING Finesse.
 14186 | Lair:5   | 14186 ||| SWAPPING to +0 morningstar.
 14191 | Lair:5   | Killed a four-headed hydra
 14192 | Lair:5   | 14192 ||| SWAPPING to +3 war axe of electrocution.
 14216 | Lair:5   | Reached skill level 13 in Axes
 14216 | Lair:5   | Reached XP level 13. HP: 80/82 MP: 16/20
 14277 | Lair:5   | 14277 ||| INVOKING Finesse.
 14280 | Lair:5   | 14280 ||| INVOKING Heroism.
 14296 | Lair:5   | HP: 7/82 [Nessos/arrow (14)]
 14296 | Lair:5   | HP: 1/82 [Nessos/arrow (6)]
 14297 | Lair:5   | 14297 ||| DRINKING 4 potions of heal wounds.
 14301 | Lair:5   | HP: 13/82 [Nessos/arrow (13)]
 14301 | Lair:5   | HP: 2/82 [Nessos/arrow (5)]
 14301 | Lair:5   | Shot with an arrow by Nessos

Levels and vault maps discovered:
D:1:      dpeg_arrival_windows_large_door, layout_loops_corners,
          nicolae_shop_unique_rings, nicolae_shop_vocational
D:2:      layout_basic, basic_altar
D:3:      layout_basic, minitemple, serial_shops, nicolae_shop_trees
D:4:      layout_gridville, elyvilon_altar_4
D:5:      layout_basic, fedhas_altar_1, minmay_temple_entry_steel_oval,
          hellmonk_bongcloud_opening, kennysheep_generic_room_16, uniq_duvessa
D:6:      layout_cave_pools
D:7:      layout_gridville, tgw_kikubaaqudgha, item_on_display_a
D:8:      layout_basic, mainiacjoe_overflow_tiny_flanked, david_lair_shrubbed
Temple:   kb_temple_of_zot
Lair:1:   layout_gridlike, nzn_ghost_randoct, nicolae_volcano_entry_s_turn,
          minmay_holes
Lair:2:   layout_roguey, nicolae_spider_entry_non_spiders, serial_bayou_shore_b,
          lemuel_fruit_fields, serial_bayou_shore_b
Lair:3:   layout_misc_corridors, swamp_mist, grunt_megastairs_1
Lair:4:   layout_roguey, minmay_slime_entry_pillars, basic_altar,
          gammafunk_ghost_hydra_chop, lemuel_fruit_fields
Lair:5:   minmay_lair_end_enchanted_forest, layout_cave_pods,
          infiniplex_staircase_pool_2, uniq_nessos

Skill      XL: |  1  2  3  4  5  6  7  8  9 10 11 12 |
---------------+-------------------------------------+-----
Axes           | 2 3 5 6 7 8 10 11 12 13 | 13.0
Fighting       | 4 5 6 7 8 9 10 | 10.0
Dodging        | 1 2 3 |  3.0
Throwing       | 2 3 |  3.0
Armour         | 4 6 7 8 9 |  9.0
Shields        | 4 5 6 |  6.0
Invocations    | 4 7 10 | 10.1

Action                   |  1- 3 |  4- 6 |  7- 9 | 10-12 | 13-15 || total
-------------------------+-------+-------+-------+-------+-------++-------
Melee: War axe           |    83 |   182 |   229 |   428 |     2 ||   924
       Morningstar       |       |       |       |     4 |       ||     4
Throw: Javelin           |       |       |    31 |    14 |       ||    45
       Boomerang         |       |       |     6 |    53 |       ||    59
Invok: Heroism           |       |       |       |    27 |     1 ||    28
       Finesse           |       |       |       |     4 |     1 ||     5
  Use: Scroll            |     8 |     8 |     3 |     6 |       ||    25
       Potion            |     1 |       |     3 |     2 |     1 ||     7
Armor: Scale mail        |    36 |    63 |       |       |       ||    99
       Chain mail        |       |    42 |    76 |       |       ||   118
       Plate armour      |       |       |    87 |   234 |    14 ||   335
Dodge: Dodged            |    30 |    84 |    62 |   153 |     5 ||   334
Block: Buckler           |    19 |    46 |    44 |   105 |     6 ||   220

Table legend:
 A = Non-vault XP
 B = Vault XP
 C = Vault XP percentage of total XP
 D = Non-vault monster count
 E = Vault monster count
 F = Vault count percentage of total count
                 A         B        C        D         E       F
            +---------+---------+-------+---------+---------+-------
      Total |   29926 |    2233 |   6.9 |     259 |      18 |   6.5
            +---------+---------+-------+---------+---------+-------
        D:1 |      27 |       0 |   0.0 |      17 |       0 |   0.0
        D:2 |      24 |       0 |   0.0 |      11 |       0 |   0.0
        D:3 |     273 |       0 |   0.0 |      30 |       0 |   0.0
        D:4 |     266 |       0 |   0.0 |      18 |       0 |   0.0
        D:5 |     817 |     386 |  32.1 |      17 |       4 |  19.0
        D:6 |     792 |       0 |   0.0 |      20 |       0 |   0.0
        D:7 |    1612 |       0 |   0.0 |      31 |       0 |   0.0
        D:8 |     379 |     361 |  48.8 |       7 |       1 |  12.5
     Lair:1 |    5051 |       0 |   0.0 |      24 |       0 |   0.0
     Lair:2 |    7453 |     628 |   7.8 |      29 |       8 |  21.6
     Lair:3 |    6111 |     460 |   7.0 |      34 |       1 |   2.9
     Lair:4 |    3613 |     398 |   9.9 |      15 |       4 |  21.1
     Lair:5 |    3508 |       0 |   0.0 |       6 |       0 |   0.0
            +---------+---------+-------+---------+---------+-------
